 Dungeon Crawl Stone Soup version 0.31-a0-1074-g0b22e4e0f1 (webtiles) character file.

Game seed: 14831853419744212218

6759 DApurpleWHUMPUS the Frost Mage (level 11, 0/72 HPs)
             Began as a Human Conjurer on Dec 5, 2023.
             Was a Believer of Vehumet.
             Slain by an orc warrior
             ... wielding a +0 hand axe
              (7 damage)
             ... on level 9 of the Dungeon.
             The game lasted 00:17:56 (9704 turns).

DApurpleWHUMPUS the Frost Mage (Human Conjurer)     Turns: 9704, Time: 00:18:02

Health: 0/72       AC:  8    Str:  7    XL:     11   Next: 24%
Magic:  0/25       EV: 12    Int: 22    God:    Vehumet [**....]
Gold:   431        SH:  0    Dex: 13    Spells: 19/31 levels left

rFire   + . .        C - +7 mace of the Thing {speed, rF+}
rCold   + . .        (no shield)
rNeg    . . .        h - +2 leather armour {rC+}
rPois   .            y - +2 hat of the Bear Spirit {Spirit, Bear, *Rage Will++}
rElec   .            B - scarf {repulsion}
rCorr   .            (no gloves)
SInv    .            c - +0 pair of boots
Will    ++...        (no amulet)
Stlth   ++           (no ring)
HPRegen 0.32/turn    (no ring)
MPRegen 0.19/turn

%: random rage (20%), repel missiles, guardian spirit
@: on berserk cooldown, slowed, very slow
A: no striking features
a: Renounce Religion


You were on level 9 of the Dungeon.
You worshipped Vehumet.
Vehumet was pleased with you.
You visited 1 branch of the dungeon, and saw 9 of its levels.

You collected 431 gold pieces.

Inventory:

Hand Weapons
 e - a +2 vampiric spear
 C - the +7 mace of the Thing (weapon) {speed, rF+}
   (You found it on level 5 of the Dungeon)

   rF+:       It protects you from fire.
Armour
 a - a +0 robe
 c - a +0 pair of boots (worn)
 h - a +2 leather armour of cold resistance (worn)
 j - +0 steam dragon scales
 y - the +2 hat of the Bear Spirit (worn) {Spirit, Bear, *Rage Will++}
   (You found it on level 5 of the Dungeon)

   Bear:      Going berserk makes the wearer exceptionally tough, and they are
   slowed for a shorter time afterward.
   Will++:    It greatly increases your willpower.
   *Rage:     It berserks you when you make melee attacks (+20% chance).
 A - a +0 cloak
 B - a scarf of repulsion (worn)
Jewellery
 f - a ring of protection from cold
 i - an amulet of regeneration
 o - a +6 ring of dexterity
 r - a ring of ice
 E - a ring of wizardry
Wands
 g - a wand of flame (11)
 u - a wand of polymorph (10)
 w - a wand of quicksilver (6)
 z - a wand of mindburst (8)
Scrolls
 b - a scroll of brand weapon {unknown}
 d - 2 scrolls of enchant weapon {unknown}
 k - 7 scrolls of identify {unknown}
 l - 2 scrolls of torment {unknown}
 m - 2 scrolls of revelation {unknown}
 n - 2 scrolls of fog {unknown}
 p - a scroll of enchant armour {unknown}
 q - a scroll of poison {unknown}
 t - 2 scrolls of teleportation {unknown}
 x - a scroll of fear {unknown}
 D - a scroll of vulnerability {unknown}
 F - 7 scrolls of immolation {unknown}
 G - a scroll of noise {unknown}
Potions
 s - a potion of brilliance
 v - a potion of cancellation {unknown}
 H - a potion of ambrosia {unknown}
 I - a potion of resistance {unknown}
 K - a potion of invisibility {unknown}
 L - a potion of mutation {unknown}


   Skills:
 + Level 2.1 Fighting
 + Level 2.2 Armour
 + Level 3.1 Dodging
 - Level 2.0 Stealth
 * Level 10.5 Spellcasting
 * Level 7.2 Conjurations
 - Level 11.6 Ice Magic


You had 19 spell levels left.
You knew the following spells:

 Your Spells              Type           Power      Damage    Failure   Level
a - Magic Dart            Conj           100%       1d8       1%          1
b - Searing Ray           Conj           86%        2d7       1%          2
c - Freeze                Ice            100%       1d10      1%          1
d - Hailstorm             Conj/Ice       52%        3d12      1%          3
e - Freezing Cloud        Conj/Ice/Air   19%        6-21      17%         5

Your spell library contained the following spells:

 Spells                   Type           Power      Damage    Failure   Level
 Inner Flame              Hex/Fire       11%        N/A       26%         3
 Frozen Ramparts          Ice            100%       1d16      1%          3
 Dazzling Flash           Conj/Hex       54%        N/A       5%          3
 Apportation              Tloc           22%        N/A       9%          1
 Cigotuvi's Dreadful Rot  Necr/Pois/Air  22%        N/A       13%         2
 Jinxbite                 Hex            22%        N/A       13%         2
 Fulminant Prism          Conj/Hex       13%        3d9       19%         4
 Iskenderun's Mystic Bla  Conj/Tloc      27%        2d7       19%         4
 Ignite Poison            Fire/Tmut/Pois 11%        N/A       26%         3
 Volatile Blastmotes      Fire/Tloc      22%        2d11      26%         3
 Ozocubu's Refrigeration  Ice            29%        4d13      52%         7
 Simulacrum               Ice/Necr       18%        N/A       75%         6
 Alistair's Intoxication  Tmut/Pois      7%         N/A       93%         5
 Polar Vortex             Ice            29%        12d3*     100%        9


Dungeon Overview and Level Annotations

Branches:
Dungeon (9/15)             Temple (0/1) D:6             Orc (0/2) D:9
   Lair: D:8-11

Altars:
Ashenzari
Dithmenos
Elyvilon
Fedhas
Gozag
Makhleb
Okawaru
Qazlal
Sif Muna
Vehumet
Wu Jian

Annotations:
D:7 2 transporters, horus123's ghost, novice DEEE


Message History

The orc priest mumbles some strange prayers to Beogh against you.
Beogh smites you!
Unknown command.
Casting: Searing Ray (safe; 1% risk of failure)
Confirm with . or Enter, or press ? or * to list all spells.
Restarting spell: Searing Ray (safe; 1% risk of failure)
Press: ? - help, Shift-Dir - straight line, p - orc priest (Press . to maintain the ray.)
The orc warrior closely misses you.
The orc priest hits you with a +0 short sword.
The orc warrior hits you with a +0 hand axe!
Casting: Searing Ray (safe; 1% risk of failure)
Confirm with . or Enter, or press ? or * to list all spells.
Restarting spell: Searing Ray (safe; 1% risk of failure)
Press: ? - help, Shift-Dir - straight line, f - orc
Aim: an orc, wielding a +0 dagger (82% to hit)
The searing ray hits the orc warrior.
The orc warrior is moderately wounded.
The searing ray hits the orc!
You kill the orc!
Vehumet accepts your kill. (Press . to maintain the ray.)
The orc priest hits you with a +0 short sword.
The orc warrior hits you with a +0 hand axe.
* * * LOW HITPOINT WARNING * * *
Casting: Searing Ray (safe; 1% risk of failure)
Confirm with . or Enter, or press ? or * to list all spells.
Aiming: Magic Dart (safe; 1% risk of failure)
Press: ? - help, Shift-Dir - straight line, f - orc priest
Aim: an orc priest, wielding a +0 short sword and wearing a +0 ring mail (severely wounded, 100% to hit)
The magic dart hits the orc priest but does no damage.
The orc priest is severely wounded.
The orc priest invokes the aid of Beogh against you.
Beogh smites you!
* * * LOW HITPOINT WARNING * * *
The orc warrior hits you with a +0 hand axe.
* * * LOW HITPOINT WARNING * * *
The orc priest misses you.
The orc warrior hits you with a +0 hand axe!
You die...

#..!...#...#....#
##'####.#####)...#
#....##......)...#
#....##.....#.##.#
#....####...#)# .#
##)### ###.#)# .#
#)# .#.# #.##)###
#.# #....@8# #)#
#(#..oo# #.#
#...>).'). #.#
###....#.... #.#
#...8#..... #.#
##.### #### #.#
#.# #.# #.# #.#
#.#


You could see an orc warrior and an orc priest.

Vanquished Creatures
  A two-headed ogre (D:8)
  A wyvern (D:9)
  3 yaks (D:8)
  2 steam dragons
  3 humans (D:9)
  Edmund (D:6)
  Menkaure (D:5)
  Duvessa (D:5)
  2 sky beasts (D:7)
  2 orc warriors
  A black bear (D:5)
  2 ice beasts
  An ogre (D:7)
  A centaur (D:9)
  4 kobold brigands
  2 bullfrogs (D:8)
  3 scorpions
  9 wights
  Dowan (D:5)
  10 killer bees
  3 howler monkeys (D:8)
  3 orc priests
  A hound (D:6)
  A gnoll bouda (D:9)
  3 iguanas
  A sleepcap (D:5)
  13 orc wizards
  Terence (D:3)
  8 gnolls
  8 adders
  2 shadow imps
  4 ufetubi
  A worm (D:2)
  A dart slug (D:2)
  28 orcs
  7 ball pythons
  11 bats
  5 endoplasms
  3 giant cockroaches
  9 goblins
  8 hobgoblins
  2 jackals (D:1)
  A quokka (D:2)
  3 frilled lizards (D:1)
  19 kobolds
  4 rats
201 creatures vanquished.

Notes
Turn   | Place    | Note
-------+----------+-------------------------------------------
     0 | D:1      | DApurpleWHUMPUS the Human Conjurer began the quest for the
                  | Orb.
     0 | D:1      | Reached XP level 1. HP: 13/13 MP: 3/3
   293 | D:1      | Reached XP level 2. HP: 19/19 MP: 3/5
   749 | D:1      | Reached XP level 3. HP: 21/24 MP: 7/7
  1497 | D:2      | Learned a level 2 spell: Searing Ray
  1692 | D:2      | Reached XP level 4. HP: 30/30 MP: 8/8
  1698 | D:2      | Found a broken altar of Ashenzari.
  2288 | D:3      | Reached XP level 5. HP: 35/35 MP: 10/10
  2302 | D:3      | Found a blossoming altar of Fedhas.
  2498 | D:3      | Noticed Terence
  2514 | D:3      | Killed Terence
  2932 | D:4      | Reached skill level 5 in Conjurations
  2932 | D:4      | Reached XP level 6. HP: 23/41 MP: 8/12
  3452 | D:4      | You fall into a shaft and drop 2 floors!
  3511 | D:6      | Reached skill level 5 in Spellcasting
  3583 | D:5      | Entered Level 5 of the Dungeon
  3757 | D:5      | Found a radiant altar of Vehumet.
  3869 | D:5      | Noticed Duvessa
  3869 | D:5      | Noticed Dowan
  3871 | D:5      | Became a worshipper of Vehumet
  3894 | D:5      | Killed Duvessa
  3895 | D:5      | Reached XP level 7. HP: 10/46 MP: 9/15
  3900 | D:5      | Killed Dowan
  4220 | D:5      | Reached XP level 8. HP: 52/52 MP: 11/17
  4222 | D:5      | Learned a level 1 spell: Freeze
  4436 | D:5      | Noticed Menkaure
  4444 | D:5      | Killed Menkaure
  4445 | D:5      | Reached skill level 2 in Ice Magic
  4678 | D:5      | Found the +2 hat of the Bear Spirit {Spirit, Bear, *Rage
                  | Will++}
  5100 | D:5      | Identified the +7 mace of the Thing {speed, rF+}
  5281 | D:6      | Found a stormy altar of Qazlal.
  5361 | D:6      | Found a staircase to the Ecumenical Temple.
  5428 | D:6      | Found a white marble altar of Elyvilon.
  5527 | D:6      | Reached skill level 3 in Ice Magic
  5806 | D:6      | Reached skill level 4 in Ice Magic
  5826 | D:6      | Noticed Edmund
  5847 | D:6      | Reached skill level 10 in Ice Magic
  5847 | D:6      | Reached XP level 9. HP: 19/57 MP: 1/22
  5857 | D:6      | Killed Edmund
  6106 | D:6      | Found an ornate altar of the Wu Jian Council.
  6113 | D:6      | Noticed a spectral centipede
  6186 | D:6      | Found a burning altar of Makhleb.
  6189 | D:6      | Reached * piety under Vehumet
  6189 | D:6      | Offered knowledge of Foxfire by Vehumet.
  6312 | D:6      | Learned a level 3 spell: Hailstorm
  6705 | D:7      | Reached skill level 11 in Ice Magic
  6705 | D:7      | Reached XP level 10. HP: 63/63 MP: 16/23
  6915 | D:7      | Found a transporter.
  6916 | D:7      | Found a transporter.
  6916 | D:7      | Noticed horus123's ghost (novice DEEE)
  6999 | D:7      | Found an opulent altar of Gozag.
  7007 | D:7      | Found an iron altar of Okawaru.
  7272 | D:7      | Learned a level 5 spell: Freezing Cloud
  7395 | D:7      | Reached skill level 10 in Spellcasting
  8011 | D:8      | Noticed a two-headed ogre
  8019 | D:8      | Killed a two-headed ogre
  8020 | D:8      | Reached skill level 1 in Fighting
  8020 | D:8      | Reached skill level 1 in Armour
  8470 | D:8      | Offered knowledge of Momentum Strike by Vehumet.
  8471 | D:8      | Reached ** piety under Vehumet
  8561 | D:8      | Identified the +9 sling "Zevvecuy" {heavy, rPois Dex+4
                  | Stlth-}
  8576 | D:8      | Identified the +0 war axe of Malum Prohibitum {holy, Dex+3}
  8708 | D:8      | Found a shimmering blue altar of Sif Muna.
  8810 | D:8      | Found a shadowy altar of Dithmenos.
  8883 | D:9      | Reached XP level 11. HP: 40/63 MP: 11/25
  9132 | D:9      | Found a broken altar of Ashenzari.
  9674 | D:9      | Found a staircase to the Orcish Mines.
  9693 | D:9      | Offered knowledge of Inner Flame by Vehumet.
  9704 | D:9      | Slain by an orc warrior

Illustrated notes

Levels and vault maps discovered:
D:1:      dpeg_arrival_simpleton_b, layout_loops_ring, serial_bayou,
          serial_bayou_lake_a, serial_bayou_shore_b, serial_bayou_pond_e,
          serial_bayou_crossing, serial_bayou_pond_d, serial_bayou_lagoon_a
D:2:      layout_loops_corners, basic_altar
D:3:      layout_rooms, fedhas_altar_1, corner_web_ring, uniq_terence
D:4:      minmay_octagon_keep, layout_basic,
          mainiacjoe_overflow_surrounded_room,
          nicolae_ossuary_entry_false_entrances, uniq_crazy_yiuf_cottage
D:5:      layout_basic, lemuel_doored_altar, lemuel_flame_loot_1, uniq_duvessa,
          uniq_menkaure
D:6:      layout_loops_ring, lemuel_coloured_pillars_altar, elyvilon_altar_1,
          pdpol_wu_jian_five_deadly_venoms, lemuel_round_altar,
          minmay_temple_entry_water_ring, dk_rats_in_the_wall, uniq_edmund
D:7:      layout_basic, amethyst_overflow_temple_binary, gammafunk_ghost_arena
D:8:      layout_cave_pods, general_overflow_altar, led_sif_book
D:9:      layout_basic, ashenzari_altar_1, minmay_orc_entry_temple_small,
          fungi_pond_lemuel, minmay_ruffians

Skill      XL: |  1  2  3  4  5  6  7  8  9 10 11 |
---------------+----------------------------------+-----
Spellcasting   | 3 4 5 6 9 10 | 10.5
Conjurations   | 5 6 7 |  7.2
Ice Magic      | 10 11 | 11.6
Fighting       | 1 2 |  2.1
Armour         | 1 2 |  2.2
Dodging        | 3 |  3.1
Stealth        | |  2.0

Action                     |  1- 3 |  4- 6 |  7- 9 | 10-12 || total
---------------------------+-------+-------+-------+-------++-------
  Melee: Unarmed           |    30 |       |       |       ||    30
         Spear             |    52 |    61 |    13 |       ||   126
         Mace              |       |       |    48 |   157 ||   205
         Punch             |       |       |       |     2 ||     2
   Cast: Magic Dart        |    44 |    38 |    45 |    27 ||   154
         Searing Ray       |       |    15 |    15 |    32 ||    62
         Hailstorm         |       |       |     2 |    16 ||    18
         Freezing Cloud    |       |       |       |     2 ||     2
    Use: Potion            |       |     4 |     6 |     1 ||    11
   Stab: Sleeping          |     1 |     4 |     1 |       ||     6
 Armour: Robe              |    40 |       |       |       ||    40
         Leather armour    |    10 |    84 |    58 |   178 ||   330
  Dodge: Dodged            |    75 |    50 |    49 |   117 ||   291
         Repelled          |       |       |       |     2 ||     2

Table legend: (Time is in decaauts)
 A = Elapsed time spent in this place.
 B = Non-inter-level travel time spent in this place.
 C = Inter-level travel time spent in this place.
 D = Time resting spent in this place.
 E = Time spent auto-exploring this place.
 F = Levels seen in this place.
 G = Mean time per level.
                   A        B        C        D        E       F      G
               +--------+--------+--------+--------+--------+-----+--------+
         Total |   9883 |   9671 |    212 |   1784 |   6504 |   9 | 1098.1 |
       Dungeon |   9883 |   9671 |    212 |   1784 |   6504 |   9 | 1098.1 |
               +--------+--------+--------+--------+--------+-----+--------+

Top non-repeatable levels by time:
     D:5: 1666 daAuts
     D:1: 1463 daAuts
     D:7: 1325 daAuts
     D:6: 1243 daAuts
     D:8: 1231 daAuts
     D:2: 904 daAuts
     D:9: 872 daAuts
     D:4: 645 daAuts
     D:3: 531 daAuts
